[Event "Titled Tuesday Blitz December 13 Late 2022"]
[White "Martinez Ramirez, Lennis"]
[Black "Eisa Mohmood, Alkhoori"]
[WhiteFideId "3509079"]
[BlackFideId "9316116"]
[WhiteElo "2439"]
[BlackElo "1245"]
[Result "1-0"]
[Round "01"]
[TimeControl "180+1"]
[Date "2022.12.14"]
[WhiteClock "0:00:35"]
[BlackClock "0:00:11"]

1. c4 Nf6 2. Nf3 g6 3. Nc3 d5 4. cxd5 Nxd5 5. h4 Bg7 6. h5 c5 7. d4 Nc6 8. e3 cxd4 9. exd4 O-O 10. hxg6 hxg6 11. Bh6 Bxh6 12. Rxh6 Kg7 13. Qd2 Bg4 14. Rh4 Bxf3 15. Qh6+ Kf6 16. gxf3 Rh8 17. Qxh8+ Qxh8 18. Rxh8 Rxh8 19. Nxd5+ Ke6 20. Ne3 Nxd4 21. O-O-O Nxf3 22. Bg2 Rc8+ 23. Kb1 Ne5 24. Bxb7 Rc5 25. a3 a5 26. Rd5 Rc7 27. Rb5 Nd3 28. Bd5+ Kf6 29. Ng4+ Kg7 30. Rxa5 Rc1+ 31. Ka2 Rg1 32. Ra4 Nc1+ 33. Kb1 Nb3+ 34. Kc2 Na1+ 35. Kd2 e6 36. Bf3 Nb3+ 37. Ke3 g5 38. Rc4 Re1+ 39. Kd3 f5 40. Ne3 g4 41. Bd1 Rg1 42. Bxb3 g3 43. fxg3 Rxg3 44. Rc7+ Kf6 45. Rc6 f4 46. Rxe6+ Kf7 47. Re4+ Kf8 48. Rxf4+ Ke7 49. Re4+ Kd6 50. Kd4 Rxe3 51. Rxe3 Kc6 52. Re6+ Kd7 53. Bd5 Kc8 54. b4 Kd7 55. a4 Kc8 56. a5 Kd7 57. b5 Kc7 58. b6+ Kd7 59. a6 Kc8 60. Re7 Kd8 61. a7 Kc8 62. b7+ Kd8 63. Rh7 1-0


[Site "https://www.chess.com"]

[Event "Titled Tuesday Blitz December 13 Late 2022"]
[White "Meduri, Aakaash"]
[Black "Rustemov, Alexander"]
[WhiteFideId "2032252"]
[BlackFideId "4119002"]
[WhiteElo "2425"]
[BlackElo "2771"]
[Result "1/2-1/2"]
[Round "01"]
[TimeControl "180+1"]
[Date "2022.12.14"]
[WhiteClock "0:00:05"]
[BlackClock "0:00:21"]

1. d4 d5 2. Bf4 Nf6 3. Nc3 c5 4. e3 a6 5. dxc5 Nc6 6. Nf3 Bg4 7. Be2 e6 8. Na4 Bxc5 9. Nxc5 Qa5+ 10. c3 Qxc5 11. O-O O-O 12. h3 Bh5 13. Qb3 Na5 14. Qb4 Qxb4 15. cxb4 Bxf3 16. gxf3 Nc4 17. b3 Na3 18. Rac1 Rfc8 19. Rfd1 Nb5 20. Rxc8+ Rxc8 21. Bd3 Kf8 22. a4 Na7 23. Bd6+ Ke8 24. Bc5 Ra8 25. Rc1 Kd7 26. Bb6 Rc8 27. Rxc8 Nxc8 28. Bd4 Nd6 29. Kf1 b5 30. Ke2 h6 31. Be5 Nfe8 32. Bd4 f6 33. Bc5 Kc6 34. Kd2 e5 35. f4 Nc7 36. fxe5 fxe5 37. f4 e4 38. Be2 g6 39. Kc3 Nf5 40. Kd2 Ne6 41. Ba7 d4 42. exd4 Nexd4 43. Bxd4 Nxd4 44. Bd1 Kd5 45. Ke3 Nf5+ 46. Kd2 Kd4 47. Bc2 Ne7 48. Bd1 e3+ 49. Ke1 Nd5 50. Be2 Nc3 51. axb5 axb5 52. Bf1 Ke4 53. Bg2+ Kxf4 54. Bc6 Kg3 55. Bd7 g5 56. Be6 h5 57. Bd7 g4 58. hxg4 hxg4 59. Be6 Kf3 60. Bd7 g3 61. Bh3 g2 62. Bxg2+ Kxg2 1/2-1/2


[Site "https://www.chess.com"]

[Event "Titled Tuesday Blitz December 13 Late 2022"]
[White "Melkumyan, Hrant"]
[Black "Miszler, Levente"]
[WhiteFideId "13302485"]
[BlackFideId "763276"]
[WhiteElo "2604"]
[BlackElo "2176"]
[Result "1-0"]
[Round "01"]
[TimeControl "180+1"]
[Date "2022.12.13"]
[WhiteClock "0:01:19"]
[BlackClock "0:01:13"]

1. d4 d5 2. c4 e6 3. Nc3 Nf6 4. cxd5 exd5 5. Bg5 c6 6. e3 Nbd7 7. Bd3 h6 8. Bf4 Bb4 9. h3 O-O 10. Ne2 Re8 11. O-O Nf8 12. a3 Bd6 13. b4 Ne6 14. Bxd6 Qxd6 15. b5 c5 16. dxc5 Nxc5 17. Nd4 Nfe4 18. Nce2 Qe5 19. Rc1 Bd7 20. Bxe4 dxe4 21. Nf4 Red8 22. Qh5 Qxh5 23. Nxh5 Nd3 24. Rc7 Rab8 25. Ng3 a6 26. b6 Bc6 27. Rxc6 bxc6 28. Nxc6 Rdc8 29. Ne7+ Kf8 30. Nxc8 Rxc8 31. Nxe4 Rb8 32. Rd1 Nb2 33. Rd7 Nc4 34. b7 Ke8 35. Rc7 Nd6 36. Nxd6+ 1-0


[Site "https://www.chess.com"]

[Event "Titled Tuesday Blitz December 13 Late 2022"]
[White "Mendez Fortes, Eduardo Jesus"]
[Black "De VJunior, Liduino Furtado"]
[WhiteFideId "3502376"]
[BlackFideId "2109913"]
[WhiteElo "2307"]
[BlackElo "2050"]
[Result "1-0"]
[Round "01"]
[TimeControl "180+1"]
[Date "2022.12.14"]
[WhiteClock "0:01:57"]
[BlackClock "0:01:06"]

1. e4 e6 2. d4 d5 3. Nd2 dxe4 4. Nxe4 Bd7 5. Nf3 Bc6 6. Bd3 Nd7 7. Qe2 Ngf6 8. Ned2 Bd6 9. O-O Bxf3 10. Nxf3 c6 11. c3 Qc7 12. Re1 O-O 13. Ne5 Rad8 14. h3 Bxe5 15. dxe5 Nd5 16. c4 Nb4 17. Be4 Nc5 18. Bg5 Rd4 19. Bb1 h6 20. Be3 Rfd8 21. Bxd4 Rxd4 22. a3 Nba6 23. b4 Nb3 24. Qe3 Nxa1 25. Qxd4 Nb3 26. Qd3 Nac5 27. bxc5 Nxc5 28. Qh7+ Kf8 29. Qh8+ Ke7 30. Qxg7 Nd7 31. Bg6 1-0


[Site "https://www.chess.com"]

[Event "Titled Tuesday Blitz December 13 Late 2022"]
[White "Moral Garcia, Serafin"]
[Black "So, Wesley"]
[WhiteFideId "2201925"]
[BlackFideId "5202213"]
[WhiteElo "2259"]
[BlackElo "2763"]
[Result "0-1"]
[Round "01"]
[TimeControl "180+1"]
[Date "2022.12.13"]
[WhiteClock "0:00:22"]
[BlackClock "0:00:24"]

1. c4 Nf6 2. Nc3 e5 3. Nf3 Nc6 4. g3 d5 5. cxd5 Nxd5 6. Bg2 Nb6 7. O-O Be7 8. d3 O-O 9. Be3 Re8 10. Rc1 Bf8 11. a3 Bg4 12. Nd2 Qd7 13. b4 Bh3 14. Nde4 Bxg2 15. Kxg2 Nd5 16. Bc5 Nxc3 17. Rxc3 Nd4 18. Bxf8 Kxf8 19. e3 Ne6 20. h4 Rad8 21. Qe2 c6 22. Rd1 Qd5 23. Qf3 a5 24. Nc5 axb4 25. axb4 Nxc5 26. Qxd5 Rxd5 27. Rxc5 Ke7 28. Rxd5 cxd5 29. Rc1 Kd7 30. Rc5 Kd6 31. Rb5 Rb8 32. e4 dxe4 33. dxe4 f6 34. Kf3 Kc6 35. Rd5 Ra8 36. b5+ Kc7 37. h5 Ra4 38. Ke3 Ra3+ 39. Ke2 Ra4 40. Ke3 Ra3+ 41. Ke2 Rc3 42. Kd2 Rf3 43. Ke2 Rc3 44. Kd2 Rb3 45. Ke2 h6 46. Kd2 Rb2+ 47. Kd3 Rxf2 48. Ke3 Rf1 49. Ke2 Rb1 50. Kf3 Rb4 51. Ke3 Rc4 52. Kf3 Rd4 53. Rc5+ Kb6 54. Rc8 Rd7 0-1


[Site "https://www.chess.com"]

[Event "Titled Tuesday Blitz December 13 Late 2022"]
[White "Nakamura, Hikaru"]
[Black "Santos Flores, Alberto"]
[WhiteFideId "2016192"]
[BlackFideId "3601234"]
[WhiteElo "2909"]
[BlackElo "2235"]
[Result "1-0"]
[Round "01"]
[TimeControl "180+1"]
[Date "2022.12.13"]
[WhiteClock "0:01:59"]
[BlackClock "0:00:17"]

1. Nf3 d5 2. g3 Nf6 3. Bg2 c6 4. d3 Bf5 5. Nbd2 h6 6. b3 e6 7. Bb2 Be7 8. e3 O-O 9. Qe2 a5 10. a3 Bh7 11. O-O Nbd7 12. e4 dxe4 13. dxe4 Nc5 14. Ne5 Nfd7 15. Nxd7 Nxd7 16. a4 Bf6 17. e5 Be7 18. Nc4 Qc7 19. Rfd1 Rfd8 20. Bc3 Bb4 21. Bxb4 axb4 22. Nd6 Ra5 23. f4 Nb6 24. Rd4 Nd5 25. Qf2 b5 26. Bxd5 exd5 27. Rxb4 bxa4 28. Rbxa4 Rxa4 29. Rxa4 c5 30. Qd2 d4 31. Qe2 Qc6 32. Ra7 Rf8 33. f5 Qd5 34. g4 h5 35. h3 hxg4 36. hxg4 f6 37. exf6 Qxd6 38. Qc4+ 1-0


[Site "https://www.chess.com"]

[Event "Titled Tuesday Blitz December 13 Late 2022"]
[White "Naroditsky, Daniel"]
[Black "Martinez Reyes, Pedro Ramon"]
[WhiteFideId "2026961"]
[BlackFideId "3901807"]
[WhiteElo "2628"]
[BlackElo "2354"]
[Result "1-0"]
[Round "01"]
[TimeControl "180+1"]
[Date "2022.12.13"]
[WhiteClock "0:01:42"]
[BlackClock "0:00:44"]

1. d4 d5 2. Nc3 Nf6 3. Bf4 Bf5 4. e3 e6 5. Nf3 Bd6 6. Ne5 h6 7. Bd3 Bxd3 8. cxd3 c5 9. dxc5 Bxc5 10. Qb3 Qb6 11. O-O Qxb3 12. axb3 Nc6 13. d4 Nxe5 14. Bxe5 Bb4 15. Nb5 Kd7 16. Nxa7 Ng4 17. Bg3 Nf6 18. Rfc1 Bd6 19. Bxd6 Kxd6 20. Nb5+ Ke7 21. Rc7+ Nd7 22. Rac1 b6 23. h3 Rhd8 24. R1c6 Ra5 25. Rxb6 Ke8 26. Rbb7 1-0


[Site "https://www.chess.com"]

[Event "Titled Tuesday Blitz December 13 Late 2022"]
[White "Nasuta, Grzegorz"]
[Black "Novikova, Galina"]
[WhiteFideId "1141686"]
[BlackFideId "4157095"]
[WhiteElo "2441"]
[BlackElo "1953"]
[Result "1-0"]
[Round "01"]
[TimeControl "180+1"]
[Date "2022.12.14"]
[WhiteClock "0:00:06"]
[BlackClock "0:00:03"]

1. e4 e6 2. d4 d5 3. Nc3 Bb4 4. exd5 exd5 5. Bd3 Nf6 6. Ne2 Bg4 7. f3 Bh5 8. O-O O-O 9. Nf4 Bg6 10. Nxg6 hxg6 11. Bg5 c6 12. f4 Qb6 13. Ne2 Nbd7 14. f5 gxf5 15. Bxf5 Rae8 16. Ng3 c5 17. c3 Ba5 18. dxc5 Qxc5+ 19. Kh1 Bc7 20. Nh5 Be5 21. Qf3 Ne4 22. Be3 Qd6 23. Qh3 Ndf6 24. Nxf6+ Nxf6 25. Bg5 g6 26. Bc2 Nh7 27. Bd2 Bg7 28. Rad1 Re2 29. Bb3 Rfe8 30. Bf4 Qe7 31. Bxd5 Nf6 32. Bc4 Rxb2 33. Bg5 Qe5 34. Bxf6 Bxf6 35. Rd7 Re7 36. Rxe7 Qxe7 37. Qg4 Kg7 38. Bb3 Bxc3 39. h4 Bf6 40. h5 Qe5 41. hxg6 fxg6 42. Qd7+ Kh6 43. Qh3+ Qh5 44. Qxh5+ Kxh5 45. Rxf6 Rb1+ 46. Kh2 Kg5 47. Rf7 a6 48. Rxb7 1-0


[Site "https://www.chess.com"]

[Event "Titled Tuesday Blitz December 13 Late 2022"]
[White "O`Gorman, Tom"]
[Black "De Souza, Cristiano Gomes"]
[WhiteFideId "2508249"]
[BlackFideId "2151758"]
[WhiteElo "2271"]
[BlackElo "2068"]
[Result "1-0"]
[Round "01"]
[TimeControl "180+1"]
[Date "2022.12.14"]
[WhiteClock "0:00:50"]
[BlackClock "0:00:19"]

1. e4 c5 2. Nf3 d6 3. d4 cxd4 4. Nxd4 Nf6 5. Nc3 a6 6. Bg5 e6 7. f4 Be7 8. Qf3 h6 9. Bh4 g5 10. fxg5 Nfd7 11. Nxe6 fxe6 12. Qh5+ Kf8 13. Bb5 Rh7 14. e5 Nxe5 15. O-O+ Kg8 16. g6 Rg7 17. Bxe7 Qxe7 18. Bd3 Nbc6 19. Ne4 Nd7 20. Qxh6 Nce5 21. Ng5 Nxd3 22. cxd3 Ne5 23. Nf7 Nxf7 24. gxf7+ Rxf7 25. Rxf7 Qxf7 26. Rf1 Qg7 27. Qh4 Bd7 28. Rf3 Qxb2 29. Rg3+ Kf8 30. Qh6+ Ke7 31. Qh4+ Kf8 32. Qh6+ Ke7 33. Rg7+ Kd8 34. Qh8+ Be8 35. Rd7+ Kxd7 36. Qxb2 b5 37. Qg7+ Kc6 38. Qe7 Bd7 39. h4 Re8 40. Qg7 e5 41. h5 d5 42. h6 e4 43. dxe4 Rxe4 44. h7 Rg4 45. h8=Q Rxg7 46. Qxg7 Kc5 47. Kf2 Bc6 48. Ke3 b4 49. Qd4+ Kb5 50. g4 a5 51. g5 a4 52. g6 b3 53. axb3 axb3 54. g7 1-0


[Site "https://www.chess.com"]

[Event "Titled Tuesday Blitz December 13 Late 2022"]
[White "Omelja, Artem"]
[Black "Mitrovic, Darko R"]
[WhiteFideId "14119846"]
[BlackFideId "927023"]
[WhiteElo "2404"]
[BlackElo "2150"]
[Result "1-0"]
[Round "01"]
[TimeControl "180+1"]
[Date "2022.12.14"]
[WhiteClock "0:01:12"]
[BlackClock "0:00:03"]

1. e4 e6 2. d3 d5 3. Nd2 Nf6 4. Ngf3 Be7 5. g3 O-O 6. Bg2 c5 7. O-O Nc6 8. Re1 b5 9. e5 Nd7 10. Nf1 a5 11. h4 Ba6 12. N1h2 Rc8 13. h5 b4 14. Ng4 a4 15. h6 g6 16. Bf4 Nd4 17. Qd2 Nxf3+ 18. Bxf3 g5 19. Nf6+ Bxf6 20. exf6 gxf4 21. Qxf4 Qxf6 22. Qd6 Nb8 23. Bxd5 Rfd8 24. Qb6 Rxd5 25. Re4 Qxh6 26. Rae1 Rh5 27. R1e3 Rh1+ 28. Kg2 Qh2+ 29. Kf3 Rf1 30. Rg4+ Kh8 31. Re2 Qh1+ 32. Ke3 Re1 33. Qd6 Rxe2+ 34. Kxe2 Bb7 35. Qe5+ f6 36. Qxf6# 1-0


[Site "https://www.chess.com"]

[Event "Titled Tuesday Blitz December 13 Late 2022"]
[White "Oro, Faustino"]
[Black "Kaganskiy, Gleb"]
[WhiteFideId "20000197"]
[BlackFideId "4132025"]
[WhiteElo "1984"]
[BlackElo "2165"]
[Result "1-0"]
[Round "01"]
[TimeControl "180+1"]
[Date "2022.12.14"]
[WhiteClock "0:00:46"]
[BlackClock "0:00:06"]

1. e4 e6 2. d4 d5 3. e5 c5 4. c3 Qb6 5. Nf3 Nc6 6. Be2 cxd4 7. cxd4 Nh6 8. Nc3 Nf5 9. Na4 Qd8 10. O-O Be7 11. Be3 O-O 12. Rc1 Bd7 13. Nc5 Bxc5 14. Rxc5 Nxe3 15. fxe3 Ne7 16. Qd2 Rc8 17. Rfc1 Qb6 18. Bd3 h6 19. b4 Rxc5 20. Rxc5 Rc8 21. Rxc8+ Nxc8 22. a3 Ne7 23. Kf2 Qc7 24. g4 Ba4 25. h4 Bb3 26. g5 hxg5 27. hxg5 Bc4 28. Bc2 Qd8 29. Kg3 Nf5+ 30. Kf4 f6 31. gxf6 gxf6 32. Qg2+ Kf7 33. Qh3 Qg8 34. Qh5+ Qg6 35. Qxg6+ Kxg6 36. Bxf5+ exf5 37. Nh4+ Kf7 38. Nxf5 fxe5+ 39. Kxe5 Bb3 40. Nd6+ Ke7 41. Nxb7 Kd7 42. Nc5+ 1-0


[Site "https://www.chess.com"]

[Event "Titled Tuesday Blitz December 13 Late 2022"]
[White "Pakleza, Zbigniew"]
[Black "Vedder, Richard"]
[WhiteFideId "1119290"]
[BlackFideId "1004166"]
[WhiteElo "2770"]
[BlackElo "2412"]
[Result "1-0"]
[Round "01"]
[TimeControl "180+1"]
[Date "2022.12.14"]
[WhiteClock "0:00:11"]
[BlackClock "0:00:13"]

1. d4 d5 2. Bf4 c5 3. c3 cxd4 4. cxd4 Nc6 5. e3 e6 6. Nc3 Nf6 7. Nf3 Bd6 8. Bg3 O-O 9. Bd3 a6 10. Rc1 Qe7 11. Ne5 Bxe5 12. dxe5 Nd7 13. f4 f5 14. exf6 Qxf6 15. O-O Ne7 16. e4 dxe4 17. Nxe4 Qh6 18. Bb1 Nf6 19. Ng5 Nf5 20. Bf2 Nd5 21. Qd2 Bd7 22. g4 Nh4 23. Bg3 g6 24. Rce1 Rae8 25. a3 Nf6 26. h3 Bc6 27. Ba2 Bd5 28. Bxd5 exd5 29. Ne6 Rf7 30. g5 Qh5 31. Bxh4 Qxh4 32. gxf6 Rxf6 33. Ng5 Rxe1 34. Qxe1 Rxf4 35. Qxh4 Rxh4 36. Kg2 Rd4 37. Rf2 Rd3 38. Ne6 h6 39. Nf4 Rb3 40. Nxd5 Kg7 41. Ne7 h5 42. Nd5 g5 43. Nc3 Kg6 44. Ne4 Re3 45. Nc5 b6 46. Nxa6 g4 47. hxg4 hxg4 48. Nb4 Rb3 49. Nd5 Kg5 50. Nc3 Kh4 51. Rd2 b5 52. Nd5 Rh3 53. Nf4 Rb3 54. Ne2 Re3 55. Rc2 Rd3 56. Rc1 Rd2 57. Kf1 Rxb2 58. Rc8 g3 59. Rh8+ Kg4 60. Rg8+ Kh3 61. Rxg3+ Kh4 62. Rd3 Kg4 63. Kf2 Rc2 64. Rd4+ Kf5 65. Rb4 Rc5 66. Rxb5 Rxb5 67. Nd4+ Ke4 68. Nxb5 Kd5 69. Nc3+ Kc4 70. Nb1 Kb3 71. Ke2 Kb2 72. a4 Kb3 73. a5 Kb4 74. a6 1-0


[Site "https://www.chess.com"]

[Event "Titled Tuesday Blitz December 13 Late 2022"]
[White "Paravyan, David"]
[Black "Goncalves, Davi Sulzbacher"]
[WhiteFideId "4194985"]
[BlackFideId "2154510"]
[WhiteElo "2551"]
[BlackElo "2182"]
[Result "1-0"]
[Round "01"]
[TimeControl "180+1"]
[Date "2022.12.13"]
[WhiteClock "0:02:00"]
[BlackClock "0:00:12"]

1. e4 c5 2. Nf3 Nc6 3. Nc3 Nf6 4. Bb5 Qc7 5. O-O Nd4 6. Re1 a6 7. Bf1 Ng4 8. g3 Nxf3+ 9. Qxf3 Ne5 10. Qe2 e6 11. b3 Be7 12. Bb2 O-O 13. Nd1 b5 14. Ne3 Bb7 15. Bg2 f5 16. exf5 Bxg2 17. Kxg2 Qc6+ 18. f3 Bf6 19. Bxe5 Bxe5 20. c3 exf5 21. Qd3 f4 22. Qd5+ Kh8 23. Qxe5 Rae8 24. Qd5 fxe3 25. Qxc6 dxc6 26. dxe3 Rd8 27. Rad1 Kg8 28. Kf2 Kf7 29. Ke2 Ke7 30. Rxd8 Rxd8 31. Rd1 Ra8 32. e4 a5 33. Ke3 a4 34. b4 a3 35. bxc5 Rb8 36. Rd6 Rc8 37. f4 Rc7 38. e5 g6 39. Ke4 Kf7 40. g4 h5 41. f5 hxg4 42. fxg6+ Kg7 43. Kf5 Rc8 44. Rd7+ Kg8 45. e6 Kf8 46. Kf6 g3 47. Rd8+ Rxd8 48. e7+ Ke8 49. g7 1-0


[Site "https://www.chess.com"]

[Event "Titled Tuesday Blitz December 13 Late 2022"]
[White "Parkhov, Yair"]
[Black "Weisz, Bryan"]
[WhiteFideId "2813408"]
[BlackFideId "30934133"]
[WhiteElo "2421"]
[BlackElo "2305"]
[Result "1-0"]
[Round "01"]
[TimeControl "180+1"]
[Date "2022.12.14"]
[WhiteClock "0:00:19"]
[BlackClock "0:00:10"]

1. e4 e5 2. Nf3 Nc6 3. Bc4 Nge7 4. d4 exd4 5. O-O Ng6 6. Nxd4 Bc5 7. Nf5 O-O 8. Qh5 Nce5 9. Bg5 Qe8 10. Nxg7 Nf4 11. Qh6 Ng4 12. Qh4 Kxg7 13. Bxf4 d5 14. Bxd5 c6 15. h3 Nxf2 16. Bh6+ Kg6 17. Qg5# 1-0


[Site "https://www.chess.com"]

[Event "Titled Tuesday Blitz December 13 Late 2022"]
[White "Perez Ponsa, Federico"]
[Black "Przybylski, Wojciech"]
[WhiteFideId "117927"]
[BlackFideId "1117599"]
[WhiteElo "2835"]
[BlackElo "2443"]
[Result "0-1"]
[Round "01"]
[TimeControl "180+1"]
[Date "2022.12.14"]
[WhiteClock "0:00:08"]
[BlackClock "0:00:05"]

1. e4 e5 2. Nf3 Nc6 3. Bb5 Nf6 4. O-O Nxe4 5. Re1 Nd6 6. Nxe5 Be7 7. Bf1 O-O 8. Nf3 Nf5 9. d4 d5 10. Nc3 Nh4 11. Nxh4 Bxh4 12. Ne2 Ne7 13. g3 Bf6 14. Nf4 Nf5 15. c3 c6 16. Bd3 g6 17. Qf3 Bg7 18. Nh5 Bh8 19. h4 Nd6 20. Bg5 f6 21. Bh6 gxh5 22. Bxf8 Qxf8 23. Qxh5 Qf7 24. Qxf7+ Kxf7 25. Bxh7 f5 26. h5 Bf6 27. Bg6+ Kg7 28. f3 Bd7 29. Re2 Be8 30. Bxe8 Nxe8 31. Rae1 Nd6 32. Re6 Nf7 33. Kg2 Rd8 34. Re8 Rd7 35. g4 fxg4 36. fxg4 Ng5 37. a4 Ne4 38. a5 Rf7 39. Rf1 a6 40. Rf5 Nd6 41. h6+ Kh7 42. Ree5 Nxf5 43. Rxf5 Kg6 44. Kf3 Bg5 45. c4 Rxf5+ 46. gxf5+ Kxf5 47. h7 Bf6 48. cxd5 cxd5 49. Ke3 Kg6 50. Kf4 Bxd4 51. b3 Kxh7 52. Kf5 Bc3 53. Ke6 d4 0-1


[Site "https://www.chess.com"]

[Event "Titled Tuesday Blitz December 13 Late 2022"]
[White "Petrovic, Aleksa"]
[Black "Keymer, Vincent"]
[WhiteFideId "967629"]
[BlackFideId "12940690"]
[WhiteElo "2230"]
[BlackElo "2600"]
[Result "0-1"]
[Round "01"]
[TimeControl "180+1"]
[Date "2022.12.13"]
[WhiteClock "0:00:01"]
[BlackClock "0:00:05"]

1. d4 Nf6 2. c4 e6 3. Nf3 d5 4. Nc3 h6 5. Bf4 Bd6 6. Bxd6 Qxd6 7. e3 O-O 8. Rc1 b6 9. cxd5 Nxd5 10. Nxd5 exd5 11. Qc2 c6 12. Bd3 Be6 13. O-O Rc8 14. Ne5 c5 15. Bh7+ Kf8 16. Bf5 Nc6 17. Bxe6 Qxe6 18. Nxc6 Rxc6 19. Qh7 f6 20. dxc5 bxc5 21. Rc2 Kf7 22. Qd3 Rd8 23. Rfc1 c4 24. Rxc4 dxc4 25. Qxd8 Kg6 26. Qd4 a6 27. h4 h5 28. Rc3 Kh7 29. f3 Kg6 30. Kf2 Kh7 31. b3 cxb3 32. Qd3+ Kg8 33. Rxc6 Qxc6 34. Qxb3+ Kh7 35. Qd3+ Kh6 36. Qd2 Qc4 37. e4+ Kh7 38. Qe2 Qd4+ 39. Qe3 Qb4 40. g4 hxg4 41. fxg4 a5 42. Kg3 a4 43. g5 Qd6+ 44. Kg4 Qe6+ 45. Kg3 Qxa2 46. gxf6 gxf6 47. Qa7+ Kg6 48. h5+ Kh6 49. Qe7 Qb3+ 50. Kf4 Qb8+ 51. Kf5 Qe5+ 52. Qxe5 fxe5 53. Kxe5 a3 54. Kd6 a2 55. e5 a1=Q 56. e6 Qa4 57. Ke7 Kxh5 58. Kf8 Kg6 59. e7 Qf4+ 60. Ke8 Kf6 61. Kd7 Qd4+ 62. Ke8 Qd6 0-1


[Site "https://www.chess.com"]

[Event "Titled Tuesday Blitz December 13 Late 2022"]
[White "Prohorov, Olexandr"]
[Black "Milosevic, Milos"]
[WhiteFideId "14105578"]
[BlackFideId "964875"]
[WhiteElo "1993"]
[BlackElo "2314"]
[Result "0-1"]
[Round "01"]
[TimeControl "180+1"]
[Date "2022.12.14"]
[WhiteClock "0:01:25"]
[BlackClock "0:01:35"]

1. e4 e5 2. Nf3 Nc6 3. Nc3 Nf6 4. Bb5 Bd6 5. d3 h6 6. a3 Nd4 7. Ba4 O-O 8. Nxd4 exd4 9. Ne2 Bc5 10. Bb3 d5 11. e5 Ng4 12. f4 Qh4+ 13. g3 Qh3 14. Ng1 Qg2 15. Qf3 Qxf3 16. Nxf3 c6 17. h3 Ne3 18. Bxe3 dxe3 19. d4 Be7 20. Ke2 f6 21. Kxe3 fxe5 22. Nxe5 Bf5 23. Raf1 Rae8 24. Kd2 Be4 25. Rh2 g5 26. c4 gxf4 27. Rxf4 Bg5 28. Rf2 Bxf4+ 29. gxf4 Kh7 30. cxd5 cxd5 31. h4 Re6 32. h5 Ref6 33. Ke3 Rg8 34. Nd7 Rg3+ 35. Ke2 Rd6 36. Nc5 Bf5 37. Kd2 b6 38. Na6 Rxb3 0-1


[Site "https://www.chess.com"]

[Event "Titled Tuesday Blitz December 13 Late 2022"]
[White "Radovanovic, Dusan"]
[Black "Fedoseev, Vladimir"]
[WhiteFideId "926868"]
[BlackFideId "24130737"]
[WhiteElo "2337"]
[BlackElo "2733"]
[Result "0-1"]
[Round "01"]
[TimeControl "180+1"]
[Date "2022.12.13"]
[WhiteClock "0:00:27"]
[BlackClock "0:01:42"]

1. e4 c6 2. d4 d5 3. e5 c5 4. dxc5 e6 5. Qg4 h5 6. Qf4 Bxc5 7. Bd3 Nc6 8. Nf3 f6 9. O-O g5 10. Bg6+ Kd7 11. Qa4 g4 12. Nfd2 fxe5 13. c4 Ne7 14. Bd3 e4 15. Be2 Kc7 16. Nc3 a6 17. a3 Bd7 18. Qc2 Nd4 19. Qd1 Bc6 20. b4 Bd6 21. Bb2 Be5 22. b5 axb5 23. cxb5 Bd7 24. Rc1 Kb8 25. Nb3 Nef5 26. Nc5 Bc8 27. a4 Qd6 28. Nb3 Bxh2+ 29. Kh1 Be5 30. a5 Nxb3 31. Qxb3 Rxa5 32. Rfd1 Nd4 33. Nxe4 Nxb3 34. Nxd6 Bxb2 35. Rxc8+ Rxc8 36. Nxc8 Kxc8 37. Rb1 Ra1 38. Rxa1 Bxa1 0-1


[Site "https://www.chess.com"]

[Event "Titled Tuesday Blitz December 13 Late 2022"]
[White "Rangel, Daniel"]
[Black "Pichot, Alan"]
[WhiteFideId "2124475"]
[BlackFideId "110973"]
[WhiteElo "2225"]
[BlackElo "2561"]
[Result "0-1"]
[Round "01"]
[TimeControl "180+1"]
[Date "2022.12.13"]
[WhiteClock "0:01:46"]
[BlackClock "0:02:17"]

1. d4 g6 2. c4 Bg7 3. Nc3 d6 4. Nf3 Nd7 5. e4 e5 6. Be2 Ngf6 7. O-O O-O 8. d5 a5 9. Ne1 Nc5 10. f3 Ne8 11. Nd3 f5 12. Nxc5 dxc5 13. Be3 b6 14. Qd2 f4 15. Bf2 Nd6 16. Nb5 g5 17. Na7 Rxa7 0-1


[Site "https://www.chess.com"]

[Event "Titled Tuesday Blitz December 13 Late 2022"]
[White "Remizov, Yaroslav"]
[Black "Kaplan, Avi Harrison"]
[WhiteFideId "34134015"]
[BlackFideId "30934559"]
[WhiteElo "2415"]
[BlackElo "1983"]
[Result "1-0"]
[Round "01"]
[TimeControl "180+1"]
[Date "2022.12.13"]
[WhiteClock "0:00:46"]
[BlackClock "0:00:03"]

1. e4 c5 2. Nf3 d6 3. Bb5+ Nd7 4. O-O Nf6 5. Re1 a6 6. Bf1 b5 7. a4 b4 8. c3 Bb7 9. d3 g6 10. Nbd2 Bg7 11. Nc4 O-O 12. a5 Qc7 13. Bd2 bxc3 14. Bxc3 e6 15. Nxd6 Qxd6 16. e5 Qc6 17. exf6 Bxf6 18. Bxf6 Nxf6 19. d4 cxd4 20. Qxd4 Nd5 21. Rac1 Qd7 22. Ne5 Qe7 23. Ng4 h5 24. Ne3 Rfd8 25. Nxd5 Rxd5 26. Qb6 Rd6 27. Qb4 Bd5 28. Rc5 Rc6 29. Rec1 Rxc5 30. Rxc5 Kh7 31. Qb6 Qg5 32. Rc7 Kg8 33. b4 h4 34. h3 e5 35. Qc5 Rd8 36. Rc8 Rxc8 37. Qxc8+ Kg7 38. Qxa6 Qf4 39. Qd6 Be6 40. a6 Qc1 41. Qxe5+ Kh7 42. a7 Bc4 43. a8=Q Qxf1+ 44. Kh2 g5 45. Qah8+ Kg6 46. Qef6# 1-0


[Site "https://www.chess.com"]

[Event "Titled Tuesday Blitz December 13 Late 2022"]
[White "Reprintsev, Alexander"]
[Black "Tabatabaei, M. Amin"]
[WhiteFideId "14100541"]
[BlackFideId "12521213"]
[WhiteElo "2230"]
[BlackElo "2551"]
[Result "0-1"]
[Round "01"]
[TimeControl "180+1"]
[Date "2022.12.13"]
[WhiteClock "0:00:04"]
[BlackClock "0:00:39"]

1. e4 c6 2. b3 d5 3. Qe2 dxe4 4. Nc3 Nf6 5. Nxe4 Nxe4 6. Qxe4 Qd5 7. Qe3 Bf5 8. Bb2 Nd7 9. O-O-O a5 10. Nf3 a4 11. Bc4 Qa5 12. Nh4 axb3 13. Bxb3 e6 14. Nxf5 Qxf5 15. a4 Nc5 16. Rhe1 Nxa4 17. Bxa4 Rxa4 18. Qb6 Qa5 19. Qxa5 Rxa5 20. Re3 Be7 21. Rg3 Bf6 22. Bxf6 gxf6 23. Kb2 Ke7 24. Ra1 Rxa1 25. Kxa1 f5 26. Kb2 Rd8 27. d3 h5 28. Rh3 Rg8 29. g3 Rh8 30. Rh4 Kf6 31. Kc3 Kg5 32. Rb4 Rb8 33. h3 b6 34. Kc4 h4 35. Kc3 hxg3 36. fxg3 Kf6 37. Kd2 b5 38. Ke3 Rg8 39. Kf3 Ra8 40. Rb3 Ke5 41. Rc3 Kd5 42. h4 Rg8 43. Ra3 Kd4 44. Ra7 Rc8 45. Rxf7 Kc3 46. Re7 Kxc2 47. Rxe6 b4 48. Re1 b3 49. Kf4 b2 50. Kxf5 Kxd3 51. g4 c5 52. g5 c4 53. g6 c3 54. g7 c2 55. h5 c1=Q 0-1


[Site "https://www.chess.com"]

[Event "Titled Tuesday Blitz December 13 Late 2022"]
[White "Riehle, Marco"]
[Black "Rosenberg, Evan S"]
[WhiteFideId "12904392"]
[BlackFideId "2019299"]
[WhiteElo "2773"]
[BlackElo "2428"]
[Result "1-0"]
[Round "01"]
[TimeControl "180+1"]
[Date "2022.12.14"]
[WhiteClock "0:01:50"]
[BlackClock "0:00:03"]

1. e4 e5 2. Nf3 Nc6 3. Bc4 Nf6 4. d4 exd4 5. O-O Nxe4 6. Nc3 Nxc3 7. bxc3 d5 8. Bd3 Be7 9. Re1 O-O 10. cxd4 Bg4 11. c3 Bf6 12. h3 Bh5 13. Bf4 a5 14. Re3 a4 15. Qb1 Na5 16. Bxh7+ Kh8 17. Bd3 c5 18. g4 cxd4 19. cxd4 Bg6 20. Bxg6 fxg6 21. Qxg6 Bxd4 22. Ng5 Qxg5 23. Bxg5 Bxa1 24. Re7 Ra6 25. Qh5+ Kg8 26. Bd2 Nc6 27. Qxd5+ Kh8 28. Rxb7 Bd4 29. Be3 Bxe3 30. fxe3 1-0


[Site "https://www.chess.com"]

[Event "Titled Tuesday Blitz December 13 Late 2022"]
[White "Riff, Vincent"]
[Black "Stanisz, Patryk"]
[WhiteFideId "617776"]
[BlackFideId "1123106"]
[WhiteElo "2369"]
[BlackElo "2069"]
[Result "1-0"]
[Round "01"]
[TimeControl "180+1"]
[Date "2022.12.14"]
[WhiteClock "0:02:44"]
[BlackClock "0:00:11"]

1. e4 c5 2. Nc3 Nc6 3. Bb5 Nd4 4. Nf3 Nf6 5. e5 Nxb5 6. Nxb5 Nd5 7. Ng5 f6 8. Ne4 d6 9. exd6 exd6 10. Qh5+ g6 11. Qxd5 1-0


[Site "https://www.chess.com"]